 Dungeon Crawl Stone Soup version 0.18-a0-1211-g828307d (webtiles) character file.

18 4thArraOfDagon the Gusty (level 2, 0/30 HPs)
             Began as a Centaur Air Elementalist on Feb 2, 2016.
             Slain by HEYYEYAAE's ghost (4 damage)
             ... on level 3 of the Dungeon.
             The game lasted 00:04:07 (403 turns).

4thArraOfDagon the Gusty (Centaur Air Elementalist)  Turns: 403, Time: 00:04:07

Health: 0/30       AC: 21    Str: 10    XL:     2   Next: 48%
Magic:  2/4        EV:  1    Int: 14    God:
Gold:   40         SH:  0    Dex:  9    Spells: 1 memorised, 3 levels left

rFire  . . .     SeeInvis .     e - +0 dagger
rCold  . . .     Gourm    .     (armour currently unavailable)
rNeg   + + +     Faith    +     (no shield)
rPois  +         Spirit   .     (helmet currently unavailable)
rElec  .         Dismiss  .     (cloak currently unavailable)
rCorr  .         Reflect  .     (gloves currently unavailable)
SustAt .         Harm     .     (no barding)
MR     .....     NoTele   +     j - amulet of faith
Stlth  +.........               (no ring)
                                (no ring)

@: confused, tree-form, not resistant to hostile enchantments, very unstealthy
A: (hooves 0), (deformed body), (speed 0), (tough skin 0)
a: no special abilities


You were on level 3 of the Dungeon.
You were not hungry.
You were a tree.
You visited 1 branch of the dungeon, and saw 3 of its levels.

You collected 40 gold pieces.

Inventory:

Hand Weapons
 e - a +0 dagger (weapon)
Missiles
 h - 24 poisoned needles
Armour
 a - a +0 robe (melded)
Jewellery
 j - an amulet of faith (around neck)
Potions
 d - a potion of lignification
Books
 b - a book of Air

   Spells                             Type                      Level
   a - Shock                          Conjuration/Air              1
   b - Swiftness                      Charms/Air                   2
   c - Repel Missiles                 Charms/Air                   2
   d - Static Discharge               Conjuration/Air              3
   e - Lightning Bolt                 Conjuration/Air              5
Comestibles
 c - a bread ration
 g - a beef jerky
 i - a slice of pizza


   Skills:
 - Level 1.3 Dodging
 - Level 1.2 Stealth
 + Level 1.8 Spellcasting
 * Level 1.6 Conjurations
 * Level 3.0 Air Magic


You had 3 spell levels left.
You knew the following spells:

 Your Spells              Type           Power        Failure   Level  Hunger
a - Shock                 Conj/Air       #...         12%         1    ##.....


Dungeon Overview and Level Annotations

Branches:
Dungeon (3/15)

Altars:

Annotations:
D:3 HEYYEYAAE's ghost, weakling HuEE


Innate Abilities, Weirdness & Mutations

((You have hooves in place of feet.))
((Armour fits poorly on your strangely shaped body.))
((You cover ground very quickly.))
((You have extremely tough skin (AC +3).))


Message History

HEYYEYAAE's ghost hits you.
* * * LOW HITPOINT WARNING * * *
You swing at nothing.
Something hits you but does no damage.
HEYYEYAAE's ghost hits you but does no damage.
You miss something. Something hits you but does no damage.
HEYYEYAAE's ghost hits you but does no damage.
You swing at nothing.
You feel less confused.
You hear some strange, mumbled words.
You are confused.
HEYYEYAAE's ghost hits you but does no damage.
You closely miss something. Something hits you but does no damage.
HEYYEYAAE's ghost hits you but does no damage.
You completely miss something. Something hits you but does no damage.
HEYYEYAAE's ghost hits you but does no damage.
You closely miss something.
You hear some strange, mumbled words.
A magic dart appears from out of thin air!
The magic dart hits you! HEYYEYAAE's ghost hits you.
You die...

##....##...#
#.....# ...#
#.##### ...#
#.# ### #.#
#.# #####.#
##...{.#
#.P.♣W.#
#......##
#.#....## #
######


You could see HEYYEYAAE's ghost.

Vanquished Creatures
  3 bats
  2 giant cockroaches (D:3)
  A hobgoblin (D:1)
  3 jackals (D:3)
  A kobold (D:2)
  A giant newt (D:1)
  2 goblins
  2 rats
15 creatures vanquished.

Notes
Turn   | Place    | Note
--------------------------------------------------------------
     0 | D:1      | 4thArraOfDagon the Centaur Air Elementalist began the quest for the Orb.
     0 | D:1      | Reached XP level 1. HP: 14/14 MP: 3/3
    18 | D:1      | Reached skill level 1 in Conjurations
   206 | D:1      | Yermak: you seem to like this combo
   217 | D:1      | Reached XP level 2. HP: 17/20 MP: 2/4
   227 | D:2      | 4thArraOfDagon: you know why?
   276 | D:3      | Yermak: easy to set up bounces?
   294 | D:3      | Noticed HEYYEYAAE's ghost (weakling HuEE)
   312 | D:3      | Reached skill level 3 in Air Magic
   372 | D:3      | 4thArraOfDagon: actually
   372 | D:3      | 4thArraOfDagon: because its first listed in comboscore list :)
   372 | D:3      | Yermak: shout and kill while in tree form?
   377 | D:3      | Yermak: though I'm not sure Yjuf will hear
   403 | D:3      | Slain by HEYYEYAAE's ghost

Vault maps used:
D:1:      eino_arrival_water_star, serial_forest, infiniplex_forest_clump_cross,
          infiniplex_forest_straight_3, infiniplex_forest_corner_1,
          infiniplex_forest_side_room, infiniplex_forest_clump_small,
          infiniplex_forest_lined_3_way, infiniplex_forest_lined_3,
          infiniplex_forest_clump_curved
D:2:      grunt_temple_overflow_open, lemuel_round_altar,
          gammafunk_temple_overflow_elements, minmay_divided_ellipse
D:3:      kennysheep_okawaru_gauntlet, uniq_iyjb, uniq_crazy_yiuf_cottage,
          uniq_terence

Action                   || total
-------------------------++-------
Melee: Dagger            ||    52
       Unarmed           ||     7
 Cast: Shock             ||    13
  Use: Scroll            ||     1
       Potion            ||     1
